 Dungeon Crawl Stone Soup version 0.30-a0-1164-ge08a67761e (webtiles) character file.

Game seed: 8860405066559001666

1845 cheesebisquit the Frost Mage (level 9, -3/51 (57) HPs)
             Began as a Merfolk Ice Elementalist on Apr 29, 2023.
             Was an Initiate of Vehumet.
             Slain by a wight
             ... wielding a +4 dagger of freezing
              (6 damage)
             ... on level 6 of the Dungeon.
             The game lasted 00:19:19 (5433 turns).

cheesebisquit the Frost Mage (MfIE)                 Turns: 5433, Time: 00:19:20

HP:   -3/51 (57)    AC: 17    Str: 14    XL:     9   Next: 12%
MP:   4/12          EV: 12    Int: 18    God:    Vehumet [......]
Gold: 20            SH:  0    Dex: 13    Spells: 1/12 levels left

rFire   + . .        B - +6 whip of Leuf {drain, rF+ rC+ rN+ Dex-2}
rCold   + . .        (no shield)
rNeg    + . .        s - +2 robe {Archmagi}
rPois   .            u - +0 helmet
rElec   .            p - +0 cloak
rCorr   +            (no gloves)
SInv    .            A - +0 pair of boots
Will    .....        n - amulet of the acrobat
Stlth   ++           f - +6 ring of strength
HPRegen 0.28/turn    g - ring of resist corrosion
MPRegen 0.13/turn

%: acrobat, archmagi
@: ice-armoured, freezing walls, heavily drained
A: (nimble swimmer 2), mertail
a: Renounce Religion


You were on level 6 of the Dungeon.
You worshipped Vehumet.
Vehumet was noncommittal.
You visited 2 branches of the dungeon, and saw 7 of its levels.

You collected 222 gold pieces.
You spent 202 gold pieces at shops.

Inventory:

Hand Weapons
 y - a +1 spear of flaming
 z - a +2 whip of freezing
 B - the +6 whip of Leuf (weapon) {drain, rF+ rC+ rN+ Dex-2}
   (You bought it in a shop on level 5 of the Dungeon)

   Dex:       It affects your dexterity (-2).
   rF:        It protects you from fire.
   rC:        It protects you from cold.
   rN:        It protects you from negative energy.
 E - a +3 mace of protection
Missiles
 h - 3 poisoned darts
Armour
 p - a +0 cloak (worn)
 s - a +2 robe of the Archmagi (worn)
 u - a +0 helmet (worn)
 A - a +0 pair of boots (worn)
Jewellery
 f - a +6 ring of strength (left hand)
 g - a ring of resist corrosion (right hand)
 n - an amulet of the acrobat (around neck)
Wands
 o - a wand of light (4)
 x - a wand of charming (10)
 C - a wand of mindburst (8)
Scrolls
 c - a scroll of summoning {unknown}
 d - a scroll of enchant weapon {unknown}
 e - 2 scrolls of blinking {unknown}
 k - 2 scrolls of brand weapon {unknown}
 l - 4 scrolls of enchant armour {unknown}
 m - a scroll of immolation {unknown}
 v - 3 scrolls of teleportation {unknown}
 w - a scroll of identify {unknown}
Potions
 a - a potion of ambrosia {unknown}
 b - 2 potions of magic
 i - a potion of brilliance {unknown}
 j - a potion of lignification {unknown}
 q - 2 potions of heal wounds
 r - 3 potions of curing {unknown}
 t - a potion of flight {unknown}
 D - a potion of might {unknown}


   Skills:
 - Level 2.6 Dodging
 - Level 2.1 Stealth
 - Level 2.0 Spellcasting
 + Level 13.2 Ice Magic


You had one spell level left.
You knew the following spells:

 Your Spells              Type           Power      Damage    Failure   Level
a - Freeze                Ice            100%       1d10      1%          1
b - Frozen Ramparts       Ice            100%       1d16      1%          3
c - Ozocubu's Armour      Ice            65%        N/A       1%          3
d - Summon Ice Beast      Ice/Summ       38%        N/A       12%         4

Your spell library contained the following spells:

 Spells                   Type           Power      Damage    Failure   Level
 Apportation              Tloc           4%         N/A       19%         1
 Slow                     Hex            8%         N/A       19%         1
 Blink                    Tloc           4%         N/A       26%         2
 Lesser Beckoning         Tloc           4%         N/A       26%         2
 Momentum Strike          Conj/Tloc      4%         3d8       26%         2
 Poisonous Vapours        Pois/Air       4%         N/A       26%         2
 Confusing Touch          Hex            2%         N/A       47%         3
 Gell's Gravitas          Tloc           2%         N/A       47%         3
 Mephitic Cloud           Conj/Pois/Air  2%         N/A       47%         3
 Teleport Other           Tloc           2%         N/A       47%         3
 Vampiric Draining        Necr           2%         2d6       47%         3
 Freezing Cloud           Conj/Ice/Air   13%        6-21      63%         5
 Alistair's Intoxication  Tmut/Pois      1%         N/A       99%         5


Dungeon Overview and Level Annotations

Branches:
Dungeon (6/15)             Temple (1/1) D:4

Altars:
Ashenzari
Dithmenos
Fedhas
Gozag
Hepliaklqana
Kikubaaqudgha
Makhleb
Qazlal
Ru
Sif Muna
Trog
Uskayaw
Vehumet
Wu Jian
Yredelemnul
Zin

Shops:
D:5 ((*(!


Innate Abilities, Weirdness & Mutations

((You are very nimble when in or above water. (Stealth+, EV+, Speed+++)))
Your lower body shifts to a powerful aquatic tail in water.


Message History

The wall freezes the wight.
The wight hits you from afar with a +0 spear.
The wight completely resists.
The wall freezes the wight but does no damage.
The wight hits you but does no damage. x2
You whack the wight!
The wight is almost destroyed.
The wight resists.
The wall freezes the wight.
The wight hits you but does no damage.
The wight resists.
The wall freezes the wight.
The wight hits you from afar with a +0 spear.
The wight resists.
The wall freezes the wight.
You destroy the wight!
Vehumet accepts your kill.
The wight hits you with a +4 dagger of freezing!
You partially resist.
You feel drained. The wight freezes you.
* * * LOW HITPOINT WARNING * * *
Your icy armour and frozen ramparts will break if you move.
Continue?
Okay, then.
You hit the wight.
The wight is lightly damaged.
The wight completely resists.
The wall freezes the wight but does no damage.
The wight hits you with a +1 flail.
* * * LOW HITPOINT WARNING * * *
The wight resists.
The wall freezes the wight.
The wight hits you but does no damage. x2
You hit the wight but do no damage.
The wight resists.
The wall freezes the wight.
The wight hits you but does no damage.
The wight completely resists.
The wall freezes the wight but does no damage.
The wight hits you with a +2 great sword!
* * * LOW HITPOINT WARNING * * *
You partially resist.
You feel drained.
* * * LOW HITPOINT WARNING * * *
The wight resists.
The wall freezes the wight.
The wight hits you from afar with a +0 spear.
* * * LOW HITPOINT WARNING * * *
The wight hits you with a +4 dagger of freezing.
You die...

#........##
##........##
#..........###
##............##
#..............##
#...............#
#...#.z.........##
#.. ##zzz.......#
z. ##@........#
##........#
##.......#
##......# ########


You could see 4 wights.

Vanquished Creatures
  A two-headed ogre (D:5)
  Pikel (D:4)
  Sigmund (D:3)
  A black bear (D:4)
  Blork the orc (D:5)
  A scorpion (D:4)
  A wight (D:6)
  A howler monkey (D:6)
  2 jellies
  An orc priest (D:5)
  Jessica (D:3)
  A sleepcap (D:4)
  2 orc wizards
  4 gnolls (D:4)
  6 adders
  3 worms
  4 dart slugs
  15 orcs
  4 ball pythons
  3 bats (D:1)
  6 endoplasms
  5 giant cockroaches
  4 goblins
  4 hobgoblins
  7 quokkas
  A frilled lizard (D:1)
  3 kobolds
  9 rats
93 creatures vanquished.

Notes
Turn   | Place    | Note
-------+----------+-------------------------------------------
     0 | D:1      | cheesebisquit the Merfolk Ice Elementalist began the quest
                  | for the Orb.
     0 | D:1      | Reached XP level 1. HP: 13/13 MP: 3/3
   365 | D:1      | Reached XP level 2. HP: 19/19 MP: 0/5
   489 | D:1      | Reached skill level 5 in Ice Magic
   931 | D:1      | Reached XP level 3. HP: 21/24 MP: 3/6
  1321 | D:2      | Reached skill level 6 in Ice Magic
  1463 | D:2      | Reached XP level 4. HP: 26/30 MP: 3/7
  2081 | D:3      | Noticed Sigmund
  2094 | D:3      | Killed Sigmund
  2095 | D:3      | Reached skill level 7 in Ice Magic
  2095 | D:3      | Reached XP level 5. HP: 19/35 MP: 0/8
  2095 | D:3      | Reached XP level 6. HP: 22/41 MP: 0/9
  2183 | D:3      | Noticed Jessica
  2190 | D:3      | Killed Jessica
  2212 | D:3      | Reached skill level 8 in Ice Magic
  2454 | D:3      | Identified the +0 ring mail of Yqosasewics {rC+ Dex+5}
  3352 | D:4      | Reached XP level 7. HP: 40/46 MP: 6/10
  3440 | D:4      | Reached skill level 9 in Ice Magic
  3679 | D:4      | Noticed Pikel
  3690 | D:4      | Killed Pikel
  3691 | D:4      | Reached skill level 10 in Ice Magic
  3691 | D:4      | Reached XP level 8. HP: 22/52 MP: 3/11
  3882 | D:4      | Reached skill level 11 in Ice Magic
  3958 | D:4      | Found a staircase to the Ecumenical Temple.
  3964 | Temple   | Entered the Ecumenical Temple
  4123 | Temple   | Became a worshipper of Vehumet
  4308 | D:4      | Found a hazy altar of Hepliaklqana.
  4342 | D:5      | Entered Level 5 of the Dungeon
  4342 | D:5      | Found Jiguosae's Antique Weapon Shoppe.
  4358 | D:5      | Bought a fine whip for 202 gold pieces
  4358 | D:5      | Identified the +6 whip of Leuf {drain, rF+ rC+ rN+ Dex-2}
                  | (You bought it in a shop on level 5 of the Dungeon)
  4433 | D:5      | Found Vujoeker's Distillery.
  4631 | D:5      | Found Kyubeos's General Store.
  4710 | D:5      | Found Yxzic's Weapon Shoppe.
  4738 | D:5      | Noticed Blork the orc
  4744 | D:5      | Learned a level 3 spell: Frozen Ramparts
  4748 | D:5      | Learned a level 3 spell: Ozocubu's Armour
  4753 | D:5      | Learned a level 4 spell: Summon Ice Beast
  4759 | D:5      | Killed Blork the orc
  4927 | D:5      | Found an ancient bone altar of Kikubaaqudgha.
  4937 | D:5      | Noticed a two-headed ogre
  4944 | D:5      | Killed a two-headed ogre
  4945 | D:5      | Reached skill level 12 in Ice Magic
  4945 | D:5      | Reached XP level 9. HP: 37/57 MP: 5/12
  5092 | D:5      | Found a glowing silver altar of Zin.
  5098 | D:5      | Reached skill level 13 in Ice Magic
  5176 | D:5      | Found Icojod's Weapon Shop.
  5433 | D:6      | Slain by a wight

Illustrated notes

Levels and vault maps discovered:
D:1:      minmay_arrival_open_corners, layout_loops_cross,
          minmay_rat_gold_closets
D:2:      layout_loops_ring
D:3:      layout_basic, uniq_jessica, uniq_sigmund
D:4:      dreamdust_elfheim, layout_basic, mainiacjoe_overflow_alcove_4,
          minmay_temple_entry_enclosed_plants, uniq_pikel
D:5:      layout_rooms, kiku_gazebo_pond_becter,
          mainiacjoe_overflow_surrounded_room, serial_shops,
          nicolae_shop_just_a_little_nook, nicolae_shop_dealshenge,
          nicolae_shop_real_fake_doors, nicolae_stop_n_shop_1, shop,
          uniq_blork_the_orc
D:6:      corexii_shack_village, layout_cave_pods,
          chequers_temple_overflow_statue_of_worship
Temple:   hellmonk_temple_forest_ring

Skill      XL: |  1  2  3  4  5  6  7  8  9 |
---------------+----------------------------+-----
Ice Magic      | 5 6 7 8 10 12 13 | 13.2
Dodging        | |  2.6
Stealth        | |  2.1
Spellcasting   | |  2.0

Action                     |  1- 3 |  4- 6 |  7- 9 || total
---------------------------+-------+-------+-------++-------
  Melee: Unarmed           |     2 |     4 |       ||     6
         Spear             |       |       |     4 ||     4
         Whip              |       |       |    21 ||    21
         Punch             |       |       |     1 ||     1
   Cast: Freeze            |    59 |    69 |    52 ||   180
         Frozen Ramparts   |       |       |     5 ||     5
         Ozocubu's Armour  |       |       |     4 ||     4
    Use: Potion            |       |       |     1 ||     1
   Stab: Sleeping          |       |       |     1 ||     1
 Armour: Robe              |    13 |    19 |    33 ||    65
  Dodge: Dodged            |    37 |    48 |    37 ||   122

Table legend: (Time is in decaauts)
 A = Elapsed time spent in this place.
 B = Non-inter-level travel time spent in this place.
 C = Inter-level travel time spent in this place.
 D = Time resting spent in this place.
 E = Time spent auto-exploring this place.
 F = Levels seen in this place.
 G = Mean time per level.
                   A        B        C        D        E       F      G
               +--------+--------+--------+--------+--------+-----+--------+
         Total |   5431 |   5083 |    348 |      0 |   4326 |   7 |  775.9 |
       Dungeon |   5258 |   4939 |    319 |      0 |   4193 |   6 |  876.3 |
        Temple |    173 |    144 |     29 |      0 |    133 |   1 |  173.0 |
               +--------+--------+--------+--------+--------+-----+--------+

Top non-repeatable levels by time:
     D:3: 1091 daAuts
     D:2: 1071 daAuts
     D:4: 1037 daAuts
     D:1: 1006 daAuts
     D:5: 970 daAuts
  Temple: 173 daAuts
     D:6: 80 daAuts
